 Seeded DCSS version 0.27.1-4-g1640c2035a (webtiles) character file.

Game seed: 15228676876776682698 (custom seed)

32 pancakes the Ogre Mage (level 3, 31/31 HPs)
             Began as an Ogre Hedge Wizard on Nov 13, 2021.
             Was a Plaything of Xom.
             Quit the game on level 2 of the Dungeon.
             The game lasted 00:03:38 (1242 turns).

pancakes the Ogre Mage (Ogre Hedge Wizard)          Turns: 1242, Time: 00:03:39

Health: 31/31      AC:  3    Str: 14    XL:     3   Next: 25%
Magic:  8/8        EV:  9    Int: 16    God:    Xom [...*..]
Gold:   109        SH:  0    Dex:  8    Spells: 9/10 levels left

rFire    . . .     SeeInvis .   e - +2 whip (elec)
rCold    . . .     Faith    .   (no shield)
rNeg     . . .     Spirit   .   b - +0 robe
rPois    .         Reflect  .   c - +0 hat
rElec    .         Harm     .   (no cloak)
rCorr    .         Rampage  .   (gloves unavailable)
Will     .....                  (boots unavailable)
Stlth    +.........             (no amulet)
HPRegen  0.10/turn              (no ring)
MPRegen  0.11/turn              (no ring)

@: no status effects
A: large, unfitting armour, tough skin 1
a: Renounce Religion


You were on level 2 of the Dungeon.
You worshipped Xom.
You were a favourite toy of Xom.
You visited 1 branch of the dungeon, and saw 2 of its levels.

You collected 109 gold pieces.

Inventory:

Hand Weapons
 a - a +0 dagger
 e - a +2 whip of electrocution (weapon)
Missiles
 i - 14 stones
Armour
 b - a +0 robe (worn)
 c - a +0 hat (worn)
Scrolls
 d - a scroll of noise {unknown}
 f - a scroll of teleportation {unknown}
 g - a scroll of identify {unknown}
 h - 2 scrolls of enchant armour {unknown}
 j - a scroll of fear {unknown}


   Skills:
 * Level 1.3 Maces & Flails
 - Level 1.7 Dodging
 - Level 1.4 Stealth
 - Level 4.0 Spellcasting
 * Level 1.7 Conjurations
 - Level 0.8 Summonings
 - Level 0.8 Translocations


You had 9 spell levels left.
You knew the following spells:

 Your Spells              Type           Power      Damage    Failure   Level
s - Magic Dart            Conj           32%        1d4       9%          1

Your spell library contained the following spells:

 Spells                   Type           Power      Damage    Failure   Level
 Blink                    Tloc           N/A        N/A       19%         2
 Call Imp                 Summ           6%         N/A       19%         2
 Slow                     Hex            3%         N/A       26%         2
 Conjure Flame            Conj/Fire      6%         6-21      34%         3
 Mephitic Cloud           Conj/Pois/Air  5%         N/A       36%         3
 Animate Armour           Summ/Erth      8%         N/A       80%         4
 Blade Hands              Tmut           1%         N/A       99%         5
 Iron Shot                Conj/Erth      3%         9d2       100%        6


Dungeon Overview and Level Annotations

Branches:
Dungeon (2/15)

Altars:
Elyvilon
Xom


Innate Abilities, Weirdness & Mutations

You are too large for most types of armour.
You have tough skin. (AC +1)


Message History

You kill the frilled lizard!
Aiming: Magic Dart (safe; 9% risk of failure)
Press: ? - help, Q - select action, (/) - cycle Shift-Dir - straight line, f - quokka
Aim: a quokka (100% to hit)
The magic dart hits the quokka.
The quokka is lightly wounded.
Aiming: Magic Dart (safe; 9% risk of failure)
Press: ? - help, Q - select action, (/) - cycle Shift-Dir - straight line, f/p - quokka
Aim: a quokka (lightly wounded, 100% to hit)
The magic dart hits the quokka.
The quokka is severely wounded.
Aiming: Magic Dart (safe; 9% risk of failure)
Press: ? - help, Q - select action, (/) - cycle Shift-Dir - straight line, f/p - quokka
Aim: a quokka (severely wounded, 100% to hit)
The magic dart hits the quokka but does no damage.
The quokka is severely wounded.
Aiming: Magic Dart (safe; 9% risk of failure)
Press: ? - help, Q - select action, (/) - cycle Shift-Dir - straight line, f/p - quokka
Aim: a quokka (severely wounded, 100% to hit)
The magic dart hits the quokka.
You kill the quokka!
A goblin comes into view. It is wielding a +0 club.
Found a stone staircase leading down.
You see here a quokka corpse.
Aiming: Magic Dart (safe; 9% risk of failure)
Press: ? - help, Q - select action, (/) - cycle Shift-Dir - straight line, f - goblin
Aim: a goblin, wielding a +0 club (asleep, 100% to hit)
The magic dart hits the goblin.
The goblin is severely wounded.
The goblin shouts!
Aiming: Magic Dart (safe; 9% risk of failure)
Press: ? - help, Q - select action, (/) - cycle Shift-Dir - straight line, f/p - goblin
Aim: a goblin, wielding a +0 club (severely wounded, 100% to hit)
The magic dart hits the goblin.
You kill the goblin!
Found a book of Iron.
Found a stone staircase leading down.
You pick up a book of Iron and begin reading...
You add the spells Animate Armour, Blade Hands and Iron Shot to your library.
Are you sure you want to abandon this character and quit the game? (Confirm with "yes".)

. # ####### ###
....>. #.########..
#.....##.##.......#
# . #.........@# .
..##....##..### #
#.....##...##
.........###
###.#..## #..#..###
#.......#####
#...###.....##
.......######..#


There were no monsters in sight!

Vanquished Creatures
  An adder (D:2)
  A ball python (D:1)
  A bat (D:1)
  2 endoplasms (D:1)
  A giant cockroach (D:2)
  3 goblins
  5 jackals (D:1)
  A kobold (D:1)
  2 quokkas
  A frilled lizard (D:2)
  A rat (D:1)
19 creatures vanquished.

Notes
Turn   | Place    | Note
-------+----------+-------------------------------------------
     0 | D:1      | pancakes the Ogre Hedge Wizard began the quest for the Orb.
     0 | D:1      | Reached XP level 1. HP: 16/16 MP: 5/5
   218 | D:1      | Reached skill level 1 in Conjurations
   228 | D:1      | Reached skill level 4 in Spellcasting
   361 | D:1      | Reached XP level 2. HP: 24/24 MP: 7/7
   565 | D:1      | Found a faded altar of an unknown god.
   565 | D:1      | Noticed a hellwing
   573 | D:1      | Became a worshipper of Xom of Chaos
   744 | D:1      | XOM: divination: detect creatures
   827 | D:1      | XOM: silly message
   990 | D:2      | Reached skill level 1 in Maces & Flails
   990 | D:2      | Reached XP level 3. HP: 31/31 MP: 4/8
  1054 | D:2      | Found a white marble altar of Elyvilon.
  1242 | D:2      | Quit the game

Illustrated notes

Levels and vault maps discovered:
D:1:      minmay_arrival_pointy, layout_basic,
          dreamdust_ecumenical_altar_sealed_demon, minmay_hexomino_p4
D:2:      layout_rooms, serial_curves, eino_curves_02, eino_curves_04,
          eino_curves_01, eino_curves_03, basic_altar, roderic_malta_cross,
          minmay_misc_feat_plants

Skill      XL: |  1  2 |
---------------+-------+-----
Conjurations   | 1 |  1.7
Spellcasting   | 4 |  4.0
Maces & Flails | 1 |  1.3
Dodging        | |  1.7
Stealth        | |  1.4
Summonings     | |  0.8
Translocations | |  0.8

Action                   || total
-------------------------++-------
Melee: Dagger            ||    16
       Whip              ||    33
 Cast: Magic Dart        ||    22
 Stab: Sleeping          ||     2
Armor: Robe              ||    19
Dodge: Dodged            ||    35
